 Dungeon Crawl Stone Soup version 0.30.1-11-g7821555f0a (webtiles) character file.

Game seed: 17258117763762261532

18379 Ijustatesigmund the Geomancer (level 12, -1/68 HPs)
             Began as a Gargoyle Earth Elementalist on Dec 1, 2023.
             Was an Elder of Vehumet.
             Slain by a slime creature (15 damage)
             ... on level 12 of the Dungeon.
             The game lasted 00:46:12 (17332 turns).

Ijustatesigmund the Geomancer (GrEE)               Turns: 17332, Time: 00:46:12

Health: -1/68      AC: 19    Str: 16    XL:     12   Next: 57%
Magic:  2/23       EV: 16    Int: 29    God:    Vehumet [****..]
Gold:   804        SH: 10    Dex: 11    Spells: 13/25 levels left

rFire   + . .        e - +5 flail (protect)
rCold   + . .        j - +1 buckler
rNeg    + . .        a - +2 leather armour {Will+}
rPois   ∞            N - +1 helmet {SInv}
rElec   +            k - scarf {rC+ rF+}
rCorr   .            q - +2 pair of gloves
SInv    +            (no boots)
Will    +....        y - amulet of Generosity {Reflect Int+3 Slay+3 SH+5}
Stlth   +++          p - +5 ring of evasion
HPRegen 0.31/turn    A - +6 ring of intelligence
MPRegen 0.18/turn

%: reflection
@: hasted, very quick
A: sickness immunity, AC +8, negative energy resistance 1, electricity
resistance, torment resistance 1, petrification resistance, thin skeletal
structure 1, strong 1
a: Renounce Religion


You were on level 12 of the Dungeon.
You worshipped Vehumet.
Vehumet was greatly pleased with you.
You visited 2 branches of the dungeon, and saw 14 of its levels.
You also visited: Sewer, Bailey and Gauntlet.

You collected 984 gold pieces.
You spent 180 gold pieces at shops.

Inventory:

Hand Weapons
 e - a +5 flail of protection (weapon)
Missiles
 w - 2 throwing nets
Armour
 a - a +2 leather armour of willpower (worn)
 j - a +1 buckler (worn)
 k - a scarf of resistance (worn)
 l - the +0 pair of gloves "Subroiti" {Int+3}
   (You bought it in a shop on level 11 of the Dungeon)

   Int:       It affects your intelligence (+3).
 q - a +2 pair of gloves (worn)
 N - a +1 helmet of see invisible (worn)
Jewellery
 f - an amulet of magic regeneration
 g - a ring of protection from cold
 p - a +5 ring of evasion (left hand)
 x - the amulet "Vifedava" {Acrobat Fragile rF+ rCorr Slay+3}
   (You took it off a gnoll in a bailey)

   [amulet of the acrobat]

   It increases your evasion while moving and waiting.
   Slay:      It affects your accuracy & damage with ranged weapons and melee
   (+3).
   rF:        It protects you from fire.
   rCorr:     It protects you from acid and corrosion.
   Fragile:   It will be destroyed if unequipped.
 y - the amulet of Generosity (around neck) {Reflect Int+3 Slay+3 SH+5}
   (You acquired it on level 7 of the Dungeon)

   [amulet of reflection]

   It reflects blocked missile attacks.
   Int:       It affects your intelligence (+3).
   Slay:      It affects your accuracy & damage with ranged weapons and melee
   (+3).
   SH:        It affects your SH (+5).
 A - a +6 ring of intelligence (right hand)
 B - a ring of fire
 J - an amulet of regeneration
Wands
 v - a wand of flame (26)
 E - a wand of digging (9)
 H - a wand of roots (2)
Scrolls
 d - a scroll of teleportation
 h - a scroll of poison
 i - a scroll of blinking
 m - 3 scrolls of vulnerability
 o - a scroll of enchant armour
 C - 2 scrolls of fog
 D - 2 scrolls of amnesia
 K - a scroll of fear
 M - a scroll of identify
Potions
 b - 2 potions of magic
 c - 9 potions of curing
 n - 5 potions of mutation
 r - 2 potions of ambrosia
 s - 7 potions of attraction
 t - 2 potions of resistance
 u - a potion of haste
 z - 2 potions of lignification
 F - 4 potions of flight
 L - a potion of invisibility
Miscellaneous
 G - a phantom mirror


   Skills:
 - Level 4.8 Fighting
 - Level 4.1 Maces & Flails
 - Level 3.9 Armour
 + Level 3.0 Dodging
 - Level 2.1 Stealth
 - Level 3.2 Shields
 - Level 7.4 Spellcasting
 - Level 8.2 Conjurations
 - Level 0.7 Transmutations
 + Level 6.2 Fire Magic
 - Level 8.4 Air Magic
 - Level 10.1 Earth Magic
 - Level 4.3 Evocations


You had 13 spell levels left.
You knew the following spells:

 Your Spells              Type           Power      Damage    Failure   Level
a - Sandblast             Erth           100%       2d20      1%          1
b - Stone Arrow           Conj/Erth      100%       3d13      1%          3
c - Swiftness             Air            56%        N/A       1%          3
d - Fireball              Conj/Fire      26%        3d12      3%          5

Your spell library contained the following spells:

 Spells                   Type           Power      Damage    Failure   Level
 Magic Dart               Conj           100%       1d8       1%          1
 Passwall                 Tmut/Erth      35%        N/A       1%          2
 Searing Ray              Conj           100%       2d8       1%          2
 Fulminant Prism          Conj/Hex       17%        3d11      4%          4
 Petrify                  Tmut/Erth      42%        N/A       9%          4
 Animate Armour           Summ/Erth      80%        N/A       10%         4
 Ensorcelled Hibernation  Hex/Ice        20%        N/A       12%         2
 Ozocubu's Armour         Ice            10%        N/A       22%         3
 Borgnjor's Vile Clutch   Necr/Erth      20%        N/A       26%         5
 Alistair's Intoxication  Tmut/Pois      8%         N/A       88%         5
 Summon Forest            Summ/Tloc      5%         N/A       91%         5
 Summon Mana Viper        Hex/Summ       10%        N/A       91%         5
 Eringya's Noxious Bog    Tmut/Pois      6%         N/A       91%         6
 Lehudib's Crystal Spear  Conj/Erth      29%        10d8      94%         8
 Summon Cactus Giant      Summ           5%         N/A       100%        6
 Ozocubu's Refrigeration  Ice            5%         4d8       100%        7


Dungeon Overview and Level Annotations

Branches:
Dungeon (13/15)            Temple (1/1) D:7            Lair (0/5) D:10
    Orc (0/2) D:12          Sewer (visited)          Bailey (visited)
Gauntlet (visited)
 Vaults: D:13-14

Altars:
Ashenzari
Dithmenos
Fedhas
Gozag
Kikubaaqudgha
Makhleb
Nemelex Xobeh
Okawaru
Qazlal
Sif Muna
Trog
Uskayaw
Vehumet
Wu Jian
Yredelemnul
The Shining One

Shops:
D:1 =   D:6 *   D:11 [   D:12 (

Annotations:
D:6 1 runed translucent door


Innate Abilities, Weirdness & Mutations

You are immune to sickness and miasma.
Your stone body is resilient. (AC +8)
You are immune to poison.
You resist negative energy. (rN+)
You are resistant to electric shocks. (rElec)
You are resistant to unholy torment.
You are immune to petrification.
You have a somewhat thin skeletal structure. (Dex +2, Stealth+)
Your muscles are strong. (Str +4, Int/Dex -1)


Message History

The centaur warrior wields a +0 shortbow.
The centaur warrior shoots an arrow.
The arrow hits you.
The tengu conjurer shouts! x2
A battlesphere comes into view.
There is a stone staircase leading up here.
As you read the scroll of fear, it crumbles to dust.
You assume a fearsome visage.
The tengu conjurer looks frightened! x2
The centaur warrior looks frightened!
The centaur looks frightened! x5
The tengu conjurer looks frightened!
The battlesphere is unaffected.
The centaur warrior looks frightened!
The tengu conjurer mumbles some strange words.
The tengu conjurer blinks!
The tengu conjurer casts a spell.
The tengu conjurer blinks!
The tengu conjurer casts a spell.
The tengu conjurer blinks!
A centaur warrior comes into view.
The tengu conjurer casts a spell.
The tengu conjurer blinks!
The tengu conjurer gestures wildly while chanting.
The tengu conjurer blinks!
The centaur warrior shouts!
The tengu conjurer mumbles some strange words.
The tengu conjurer blinks!
The tengu conjurer casts a spell.
The tengu conjurer blinks!
The centaur warrior wields a +0 longbow.
The centaur warrior shoots an arrow.
The arrow misses you.
The tengu conjurer casts a spell.
The tengu conjurer blinks!
The centaur warrior shoots an arrow.
The arrow hits you!
* * * LOW HITPOINT WARNING * * *
You climb upwards.
The battlesphere dissipates.
A very large slime creature splits.
A large slime creature splits.
There is a stone staircase leading down here.
You feel yourself speed up. The slime creature misses you.
The slime creature hits you.
* * * LOW HITPOINT WARNING * * *
The slime creature hits you!
You die...

#################################
.................................
##############...............[..#
#..................#
#........>.........#
#..................#
#.J@...............#
#.JJ...............#
#..................#
##############..................#
.................................
....................#############
....................#
....................#
....................#


You could see 3 slime creatures.

Vanquished Creatures
  An orc warlord (Bailey)
  Erolcha (D:9)
  A centaur warrior (D:13)
  3 two-headed ogres
  A boulder beetle (D:11)
  Lodul (D:11)
  An ugly thing (D:13)
  3 gargoyles
  A rime drake (D:10)
  An unseen horror (D:12)
  A troll (D:12)
  A hornet (D:11)
  12 slime creatures
  A wraith (D:12)
  10 yaks
  A wyvern (D:10)
  A steam dragon (D:6)
  Edmund (D:6)
  A swamp worm (Bailey)
  2 acid dragons
  5 ice beasts
  15 orc warriors
  11 ogres
  4 centaurs
  3 wolves (D:10)
  2 phantoms
  6 kobold brigands
  A gnoll sergeant (D:7)
  2 bullfrogs
  3 scorpions
  3 troll zombies (D:12)
  22 killer bees
  8 howler monkeys
  2 hounds
  10 orc priests
  2 jellies
  A human skeleton (D:6)
  11 orc wizards
  Ijyb (D:4)
  3 iguanas
  5 ogre zombies (D:12)
  Robin (D:4)
  15 gnolls
  3 river rats
  10 adders
  A shadow imp (D:5)
  A white imp (D:7)
  3 worms (D:2)
  2 dart slugs
  41 orcs
  3 ball pythons
  5 bats
  A bat zombie (D:6)
  5 endoplasms
  3 giant cockroaches
  30 goblins
  11 hobgoblins
  4 jackals
  21 kobolds
  2 quokkas
  2 frilled lizards (D:1)
  3 goblin skeletons
  4 goblin zombies (D:12)
  2 hobgoblin skeletons (D:12)
  A hobgoblin zombie (D:12)
  A kobold skeleton (D:6)
  4 orc skeletons (D:12)
  12 orc zombies (D:12)
  11 rats
  A rat zombie (D:6)
368 creatures vanquished.

Vanquished Creatures (others)
  A killer bee (D:8)
  An orc (D:6)
2 creatures vanquished.

Grand Total: 370 creatures vanquished

Notes
Turn   | Place    | Note
-------+----------+-------------------------------------------
     0 | D:1      | Ijustatesigmund the Gargoyle Earth Elementalist began the
                  | quest for the Orb.
     0 | D:1      | Reached XP level 1. HP: 10/10 MP: 3/3
   149 | D:1      | Reached XP level 2. HP: 16/16 MP: 3/5
   313 | D:1      | Found Haufuesi's Jewellery Shop.
   348 | D:1      | Reached skill level 1 in Fighting
   369 | D:1      | Reached skill level 4 in Earth Magic
   816 | D:2      | Reached XP level 3. HP: 20/20 MP: 4/6
  1111 | D:2      | Reached XP level 4. HP: 26/26 MP: 6/8
  2255 | D:4      | Noticed Ijyb
  2319 | D:4      | Killed Ijyb
  2340 | D:4      | Found a shadowy altar of Dithmenos.
  2456 | D:4      | Reached XP level 5. HP: 31/31 MP: 7/9
  2489 | D:4      | Noticed Robin
  2490 | D:4      | Reached skill level 5 in Earth Magic
  2532 | D:4      | Killed Robin
  2533 | D:4      | Reached XP level 6. HP: 31/37 MP: 11/11
  2762 | D:4      | Learned a level 3 spell: Stone Arrow
  2848 | D:5      | Entered Level 5 of the Dungeon
  3078 | D:5      | Reached skill level 1 in Conjurations
  3140 | D:5      | You fall into a shaft and drop 3 floors!
  3192 | D:8      | Noticed an orc warrior
  3206 | D:8      | Found a hide-covered altar of Uskayaw.
  3221 | D:8      | Killed an orc warrior
  3222 | D:8      | Reached skill level 1 in Maces & Flails
  3222 | D:8      | Reached XP level 7. HP: 41/41 MP: 6/13
  3255 | D:8      | Reached skill level 6 in Earth Magic
  3287 | D:8      | Found a flagged portal.
  3297 | Bailey   | Entered a bailey
  3971 | Bailey   | Reached XP level 8. HP: 46/46 MP: 2/14
  3995 | Bailey   | Learned a level 3 spell: Swiftness
  4042 | Bailey   | Reached skill level 1 in Air Magic
  4277 | Bailey   | Identified the amulet "Vifedava" {Acrobat Fragile rF+ rCorr
                  | Slay+3}
  4488 | Bailey   | Noticed an orc knight
  4497 | Bailey   | an orc knight changed into a swamp worm
  4601 | Bailey   | Noticed an orc warlord
  4623 | Bailey   | Killed an orc warlord
  4624 | Bailey   | Reached XP level 9. HP: 27/51 MP: 1/15
  5547 | D:7      | Found a radiant altar of Vehumet.
  5573 | D:7      | Became a worshipper of Vehumet
  5769 | D:7      | Acquired the amulet of Generosity {Reflect Int+3 Slay+3
                  | SH+5}
  5918 | D:6      | Found a runed translucent door.
  5937 | D:6      | Found a glowing drain.
  5954 | Sewer    | Entered a sewer
  6054 | Sewer    | Reached XP level 10. HP: 53/56 MP: 10/17
  6058 | Sewer    | Reached * piety under Vehumet
  6058 | Sewer    | Offered knowledge of Freeze by Vehumet.
  6166 | Sewer    | Found a white marble altar of Elyvilon.
  6636 | D:6      | Found Cyipisic's Gadget Gallery.
  6924 | D:6      | Found an ancient bone altar of Kikubaaqudgha.
  6990 | D:6      | Reached skill level 7 in Earth Magic
  7242 | D:6      | Found a basalt altar of Yredelemnul.
  7262 | D:6      | Reached skill level 5 in Conjurations
  7356 | D:6      | Reached skill level 5 in Spellcasting
  7727 | D:6      | Noticed Edmund
  7739 | D:6      | Killed Edmund
  7763 | D:6      | Offered knowledge of Shock by Vehumet.
  8119 | D:6      | Found a blossoming altar of Fedhas.
  8390 | D:7      | Reached ** piety under Vehumet
  8468 | D:7      | Found a staircase to the Ecumenical Temple.
  8479 | Temple   | Entered the Ecumenical Temple
  9348 | D:9      | Reached skill level 1 in Armour
  9522 | D:9      | Noticed Erolcha
  9527 | D:9      | Killed Erolcha
  9527 | D:9      | Offered knowledge of Inner Flame by Vehumet.
  9528 | D:9      | Reached skill level 8 in Earth Magic
 10105 | D:9      | Reached skill level 1 in Evocations
 10113 | D:9      | Reached XP level 11. HP: 41/62 MP: 20/20
 10393 | D:9      | Reached *** piety under Vehumet
 10626 | D:9      | Offered knowledge of Airstrike by Vehumet.
 10792 | D:10     | Entered Level 10 of the Dungeon
 10811 | D:10     | Noticed a two-headed ogre
 10818 | D:10     | Killed a two-headed ogre
 11100 | D:10     | Reached skill level 9 in Earth Magic
 11119 | D:10     | Reached skill level 1 in Shields
 11611 | D:10     | Found a staircase to the Lair.
 11640 | D:10     | Noticed a two-headed ogre
 11649 | D:10     | Killed a two-headed ogre
 11964 | D:10     | Found a glowing golden altar of the Shining One.
 12074 | D:10     | Found an opulent altar of Gozag.
 12447 | D:11     | Gained mutation: Armour fits poorly on your strangely
                  | shaped body. [potion of mutation]
 12448 | D:11     | Lost mutation: Armour fits poorly on your strangely shaped
                  | body. [potion of mutation]
 12448 | D:11     | Gained mutation: Your muscles are strong. (Str +4, Int/Dex
                  | -1) [potion of mutation]
 12448 | D:11     | Gained mutation: You have a somewhat thin skeletal
                  | structure. (Dex +2, Stealth+) [potion of mutation]
 12459 | D:11     | Noticed a boulder beetle
 12466 | D:11     | Killed a boulder beetle
 12732 | D:11     | Found Fesofis's Antique Armour Boutique.
 12740 | D:11     | Bought a pair of translucent gloves for 180 gold pieces
 12740 | D:11     | Identified the +0 pair of gloves "Subroiti" {Int+3} (You
                  | bought it in a shop on level 11 of the Dungeon)
 12775 | D:11     | Reached **** piety under Vehumet
 12916 | D:11     | Found a gate leading to a gauntlet.
 12926 | Gauntlet | Entered a Gauntlet
 12926 | Gauntlet | Found a transporter.
 12926 | Gauntlet | Found a transporter.
 12926 | Gauntlet | Found a transporter.
 12928 | Gauntlet | Noticed a shining eye
 12977 | Gauntlet | Found a transporter.
 13359 | D:12     | Found a staircase to the Orcish Mines.
 13690 | D:12     | Noticed Lodul
 13945 | D:11     | Killed Lodul
 13953 | D:11     | Reached XP level 12. HP: 40/68 MP: 6/22
 14174 | D:11     | Reached skill level 10 in Earth Magic
 14517 | D:12     | Offered knowledge of Fireball by Vehumet.
 14525 | D:12     | Learned a level 5 spell: Fireball
 14660 | D:12     | Reached skill level 1 in Fire Magic
 15916 | D:12     | Noticed a two-headed ogre
 15922 | D:12     | Killed a two-headed ogre
 15997 | D:12     | Reached skill level 5 in Fire Magic
 16243 | D:12     | Found Dieceaq's Weapon Boutique.
 17049 | D:13     | Noticed a centaur warrior
 17056 | D:13     | Killed a centaur warrior
 17326 | D:13     | Noticed a centaur warrior
 17326 | D:13     | Noticed a centaur warrior
 17328 | D:13     | Noticed a centaur warrior
 17332 | D:12     | Slain by a slime creature

Illustrated notes

Levels and vault maps discovered:
D:1:      spicycebolla_arrival_clurvy, layout_rooms, serial_shops, shop,
          serial_bayou, serial_bayou_pond_d, serial_bayou_pond_e,
          serial_bayou_pond_a, serial_bayou_pond_c, minmay_cut_off
D:2:      layout_loops_corners, minivault_24, serial_bayou_pond_d,
          minmay_misc_feat_more_columns
D:3:      layout_loops_ring, kennysheep_path_1
D:4:      layout_rooms, mainiacjoe_overflow_boulevard, uniq_robin, uniq_ijyb
D:5:      layout_basic
D:6:      layout_loops_corners, lemuel_zombie_altar_kikubaaqudgha,
          dk_yredelemnul_ordeal, fedhas_altar_1, portal_sewer_entry_b,
          nicolae_shop_gadgets, uniq_edmund
D:7:      layout_basic, vehumet_altar_wand_db, temple_fountains
D:8:      layout_rooms, lemuel_crystal_altar, enter_bailey_2
D:9:      layout_basic, uniq_erolcha
D:10:     layout_cave_pools, tso_metal_star, mainiacjoe_overflow_alcove_2,
          hellmonk_lair_entry_icy, wad_dig_loot
D:11:     layout_basic, serial_shops, nicolae_stop_n_shop_2,
          gauntlet_entry_generic
D:12:     layout_long_grid, zombieorc2_lemuel, serial_shops,
          nicolae_shop_crystal, uniq_lodul
D:13:     layout_long_grid, lightli_vaults_fourway_checkpoint,
          onia_ninara_dug_in_and_dangerous
Temple:   eino_narrow_crystal_temple

Skill      XL: |  1  2  3  4  5  6  7  8  9 10 11 12 |
---------------+-------------------------------------+-----
Fighting       | 1 2 3 4 |  4.8
Earth Magic    | 4 5 6 8 9 10 | 10.1
Spellcasting   | 3 4 6 7 |  7.4
Conjurations   | 2 4 6 8 |  8.2
Maces & Flails | 1 2 4 |  4.1
Air Magic      | 6 8 |  8.4
Armour         | 2 3 |  3.9
Evocations     | 1 4 |  4.3
Shields        | 3 |  3.2
Fire Magic     | 6 |  6.2
Dodging        | 3 |  3.0
Stealth        | |  2.1
Transmutations | |  0.7

Action                     |  1- 3 |  4- 6 |  7- 9 | 10-12 || total
---------------------------+-------+-------+-------+-------++-------
  Melee: Flail             |     7 |    41 |   248 |   414 ||   710
         Unarmed           |       |    11 |       |       ||    11
         Punch             |       |     2 |     1 |     2 ||     5
   Cast: Sandblast         |    49 |    86 |    16 |    11 ||   162
         Stone Arrow       |       |     2 |    65 |   218 ||   285
         Fireball          |       |       |       |    19 ||    19
  Evoke: Wand              |       |     1 |     5 |     9 ||    15
    Use: Scroll            |       |    11 |    10 |     9 ||    30
         Potion            |       |     1 |     2 |     8 ||    11
   Stab: Confused          |       |     2 |       |       ||     2
         Invisible         |       |       |     2 |       ||     2
         Distracted        |       |       |     1 |     1 ||     2
 Armour: Robe              |     4 |    35 |   109 |    37 ||   185
         Skin              |       |    22 |       |       ||    22
         Leather armour    |       |       |       |   138 ||   138
  Dodge: Dodged            |    12 |    77 |   305 |   381 ||   775
  Block: Other             |       |       |    14 |    62 ||    76
         Reflection        |       |       |     1 |     2 ||     3
         Buckler           |       |       |       |    99 ||    99
